 Dungeon Crawl Stone Soup version 0.24-a0-335-g06ca16a (webtiles) character file.

Game seed: 6402214642790985770

95 Borgoz the Chopper (level 4, -1/27 HPs)
             Began as a Gargoyle Gladiator on May 19, 2019.
             Hit by a boomerang thrown by an orc (2 damage)
             ... on level 3 of the Dungeon.
             The game lasted 00:01:36 (1248 turns).

Borgoz the Chopper (Gargoyle Gladiator)             Turns: 1248, Time: 00:01:37

Health: -1/27      AC:  7    Str: 17    XL:     4   Next: 66%
Magic:  4/4        EV: 13    Int: 14    God:
Gold:   130        SH:  0    Dex: 12    Spells: 3/3 levels left

rFire    . . .     SeeInvis +   a - +0 war axe
rCold    . . .     Gourm    .   (no shield)
rNeg     + . .     Faith    .   b - +0 leather armour
rPois    ∞         Spirit   .   c - +0 helmet
rElec    +         Reflect  .   (no cloak)
rCorr    .         Harm     .   (no gloves)
MR       .....                  (no boots)
Stlth    +.........             (no amulet)
HPRegen  0.09/turn              r - ring of see invisible
MPRegen  0.09/turn              (no ring)

@: brilliant, hasted, very quick
A: negative energy resistance 1, electricity resistance, unbreathing,
petrification resistance, rot immunity, AC +3
a: no special abilities


You were on level 3 of the Dungeon.
You were not hungry.

You visited 1 branch of the dungeon, and saw 3 of its levels.

You collected 130 gold pieces.

Inventory:

Hand Weapons
 a - a +0 war axe (weapon)
 w - a +1 rapier of venom
Missiles
 d - 3 throwing nets (quivered)
Armour
 b - a +0 leather armour (worn)
 c - a +0 helmet (worn)
Jewellery
 r - a ring of see invisible (left hand)
Scrolls
 g - 2 scrolls of enchant armour {unknown}
 l - a scroll of teleportation {unknown}
 m - 2 scrolls of identify {unknown}
 p - 2 scrolls of remove curse {unknown}
 t - a scroll of amnesia {unknown}
 u - a scroll of enchant weapon {unknown}
 y - a scroll of noise {unknown}
Potions
 e - a potion of might {unknown}
 i - a potion of heal wounds {unknown}
 j - a potion of haste
 k - a potion of brilliance
 n - a potion of lignification {unknown}
 o - a potion of magic
 q - a potion of berserk rage {unknown}
 s - a potion of ambrosia {unknown}
 v - a potion of invisibility {unknown}
 x - a potion of agility {unknown}
Comestibles
 f - 8 rations
 h - 3 chunks of flesh


   Skills:
 + Level 2.8 Fighting
 * Level 3.5 Axes
 - Level 1.8 Throwing
 + Level 1.4 Armour
 * Level 3.2 Dodging


You had 3 spell levels left.
You didn't know any spells.
Your spell library was empty.

Dungeon Overview and Level Annotations

Branches:
Dungeon (3/15)

Altars:
Dithmenos


Innate Abilities, Weirdness & Mutations

You are resistant to torment.
Your stone body is resilient. (AC +3)
You are immune to poison.
You resist negative energy. (rN+)
You are resistant to electric shocks. (rElec)
You can survive without breathing.
You are immune to petrification.
You are immune to rotting.


Message History

The puff of frost hits you.
* * * LOW HITPOINT WARNING * * *
The orc throws a boomerang.
The boomerang hits you.
* * * LOW HITPOINT WARNING * * *
The weapon returns to the orc!
The orc wizard hits you but does no damage.
It was a potion of brilliance.
You feel clever all of a sudden. The orc wizard barely misses you.
The orc throws a boomerang.
The boomerang hits you but does no damage.
The weapon returns to the orc!
It was a potion of magic.
Magic courses through your body.
The orc wizard hits you but does no damage.
The orc throws a boomerang.
The boomerang barely misses you.
The weapon returns to the orc!
The orc wizard looks braver for a moment.
It was a potion of haste.
You feel yourself speed up.
The orc wizard hits you but does no damage.
The orc throws a boomerang.
The boomerang hits you.
You die...

.#. .####. .... ..# ....
##.%. ..###..##.....
..##..#..... #.##....#.#
# #.#.....#?# .
##...##....###...
######................
###.............@†......
#...####..#.....o)......
..#..........#........#.
###.....................
>..........##.......o...
........................
###.........#........)..
........................
...........


You could see an orc wizard and an orc.

Vanquished Creatures
  An orc wizard (D:3)
  2 adders
  An ooze (D:1)
  A worm (D:3)
  3 dart slugs
  A leopard gecko (D:2)
  2 orcs (D:3)
  A ball python (D:2)
  8 bats
  A giant cockroach (D:2)
  4 goblins
  4 hobgoblins
  3 jackals (D:3)
  A quokka (D:3)
  6 frilled lizards
  A kobold (D:1)
  7 rats
47 creatures vanquished.

Notes
Turn   | Place    | Note
-------+----------+-------------------------------------------
     0 | D:1      | Borgoz the Gargoyle Gladiator began the quest for the Orb.
     0 | D:1      | Reached XP level 1. HP: 12/12 MP: 1/1
    67 | D:1      | Reached XP level 2. HP: 18/18 MP: 2/2
   374 | D:1      | Reached XP level 3. HP: 20/22 MP: 3/3
   548 | D:2      | Reached skill level 1 in Armour
   549 | D:2      | Found a shadowy altar of Dithmenos.
   716 | D:2      | Found a faded altar of an unknown god.
  1181 | D:3      | Reached XP level 4. HP: 27/27 MP: 4/4
  1245 | D:3      | HP: 1/27 [orc/boomerang (2)]
  1248 | D:3      | Hit by a boomerang thrown by an orc

Levels and vault maps discovered:
D:1:      dpeg_arrival_subterranean_lakeside_camping, layout_rooms,
          minmay_misc_feat_room
D:2:      layout_basic, grunt_dithmenos_smoke_and_mirrors,
          chequers_ecumenical_altar_simple_redux
D:3:      layout_rooms

Skill      XL: |  1  2  3 |
---------------+----------+-----
Axes           | 3 |  3.5
Armour         | 1 |  1.4
Dodging        | 3 |  3.2
Fighting       | |  2.8
Throwing       | |  1.8

Action                   |  1- 3 |  4- 6 || total
-------------------------+-------+-------++-------
Melee: War axe           |   103 |    28 ||   131
  Use: Potion            |       |     3 ||     3
  Eat: Chunk             |     1 |       ||     1
Armor: Leather armour    |    59 |    18 ||    77
Dodge: Dodged            |    98 |    34 ||   132

Table legend:
 A = Non-vault XP
 B = Vault XP
 C = Vault XP percentage of total XP
 D = Non-vault monster count
 E = Vault monster count
 F = Vault count percentage of total count
                 A         B        C        D         E       F
            +---------+---------+-------+---------+---------+-------
      Total |     128 |       9 |   6.6 |      41 |       6 |  12.8
            +---------+---------+-------+---------+---------+-------
        D:1 |      34 |       9 |  20.9 |      18 |       6 |  25.0
        D:2 |      38 |       0 |   0.0 |      14 |       0 |   0.0
        D:3 |      56 |       0 |   0.0 |       9 |       0 |   0.0
            +---------+---------+-------+---------+---------+-------
